 Dungeon Crawl Stone Soup version 0.25-a0-583-g696c2ac64d (webtiles) character file.

Game seed: 5296505766845919837, levelgen mode: deterministic

50 ReteAZ the Poker (level 3, 0/28 HPs)
             Began as a Merfolk Gladiator on Mar 8, 2020.
             Succumbed to an adder's poison
             ... on level 2 of the Dungeon.
             The game lasted 00:01:26 (1021 turns).

ReteAZ the Poker (Merfolk Gladiator)                Turns: 1021, Time: 00:01:27

Health: 0/28       AC:  4    Str: 14    XL:     3   Next: 79%
Magic:  3/3        EV: 14    Int:  8    God:
Gold:   19         SH:  0    Dex: 15    Spells: 2/2 levels left

rFire    . . .     SeeInvis .   a - +0 trident
rCold    . . .     Gourm    .   (no shield)
rNeg     . . .     Faith    .   b - +0 leather armour
rPois    .         Spirit   .   c - +0 helmet
rElec    .         Reflect  .   (no cloak)
rCorr    .         Harm     .   (no gloves)
MR       .....                  (no boots)
Stlth    +.........             (no amulet)
HPRegen  0.09/turn              (no ring)
MPRegen  0.08/turn              (no ring)

@: lethally poisoned (0 -> -5), flying
A: change form in water, swift swim, stealthy swim
a: no special abilities


You were on level 2 of the Dungeon.
You were not hungry.

You visited 1 branch of the dungeon, and saw 2 of its levels.

You collected 19 gold pieces.

Inventory:

Hand Weapons
 a - a +0 trident (weapon)
Missiles
 d - 3 throwing nets (quivered)
Armour
 b - a +0 leather armour (worn)
 c - a +0 helmet (worn)
 j - a +0 tower shield
 l - a +1 leather armour of poison resistance
Scrolls
 g - 2 scrolls of teleportation {unknown}
 h - a scroll of enchant weapon {unknown}
 i - 2 scrolls of remove curse {unknown}
 k - a scroll of fog {unknown}
 m - 2 scrolls of identify {unknown}
Comestibles
 f - 6 rations
 n - a chunk of flesh


   Skills:
 + Level 2.8 Fighting
 * Level 5.2 Polearms
 + Level 2.6 Throwing
 + Level 4.5 Dodging


You had 2 spell levels left.
You didn't know any spells.
Your spell library was empty.

Dungeon Overview and Level Annotations

Branches:
Dungeon (2/15)

Altars:


Message History

You feel sick.
You aren't carrying any potions.
Unknown command.
Evoke which item? (* to show all) (? for menu, Esc to quit)
Okay, then.
Evoke which item? (* to show all) (? for menu, Esc to quit)
Attack whom?
Press: ? - help, Dir - move target cursor, f - goblin
Aim: a goblin, wielding a +0 dagger You reach to attack!
You closely miss the goblin.
* * * LOW HITPOINT WARNING * * *
You feel sick.
Evoke which item? (* to show all) (? for menu, Esc to quit)
Attack whom?
Press: ? - help, Dir - move target cursor, f/p - goblin
Aim: a goblin, wielding a +0 dagger You puncture the goblin!
You kill the goblin!
There is a lethal amount of poison in your body!
You die...

# ##### .# .... ..
########## #.####.#.#
#........# #††@.....#
###.######.###.####.###
...............# #
###.######.##..####
#<.....#..........#
#.#.#......#......#
#...#.##.###......#
.........# #......#
.........# #......#


There were no monsters in sight!

Vanquished Creatures
  An adder (D:2)
  A gnoll (D:1)
  A dart slug (D:1)
  2 leopard geckos (D:1)
  3 hobgoblins
  2 jackals (D:1)
  A ball python (D:1)
  A bat (D:1)
  6 frilled lizards
  5 goblins
  4 kobolds (D:1)
  4 rats
31 creatures vanquished.

Notes
Turn   | Place    | Note
-------+----------+-------------------------------------------
     0 | D:1      | ReteAZ the Merfolk Gladiator began the quest for the Orb.
     0 | D:1      | Reached XP level 1. HP: 16/16 MP: 1/1
    37 | D:1      | Reached XP level 2. HP: 23/23 MP: 2/2
   154 | D:1      | Reached XP level 3. HP: 28/28 MP: 3/3
   476 | D:1      | Reached skill level 5 in Polearms
  1017 | D:2      | HP: 1/28 [poisoned by an adder]
  1021 | D:2      | Succumbed to an adder's poison

Levels and vault maps discovered:
D:1:      sevenhm_arrival_forest_fort_small_5, layout_loops_ring
D:2:      layout_basic, marbit_many_paths, chequers_serial_rivers_small_a

Skill      XL: |  1  2  3 |
---------------+----------+-----
Polearms       | 5 |  5.2
Fighting       | |  2.8
Throwing       | |  2.6
Dodging        | |  4.5

Action                   || total
-------------------------++-------
Melee: Trident           ||    80
  Use: Potion            ||     1
 Stab: Sleeping          ||     2
Armor: Leather armour    ||     8
Dodge: Dodged            ||    28

Table legend:
 A = Non-vault XP
 B = Vault XP
 C = Vault XP percentage of total XP
 D = Non-vault monster count
 E = Vault monster count
 F = Vault count percentage of total count
                 A         B        C        D         E       F
            +---------+---------+-------+---------+---------+-------
      Total |      72 |       0 |   0.0 |      31 |       0 |   0.0
            +---------+---------+-------+---------+---------+-------
        D:1 |      49 |       0 |   0.0 |      23 |       0 |   0.0
        D:2 |      23 |       0 |   0.0 |       8 |       0 |   0.0
            +---------+---------+-------+---------+---------+-------
